 Dungeon Crawl Stone Soup version 0.20-a0-984-ge8aa303 (webtiles) character file.

4 4thArraOfDagon the Ducker (level 1, -3/22 HPs)
             Began as a Bultungin Monk on Apr 10, 2017.
             Was a Believer of Cheibriados.
             Slain by a scorpion (5 damage)
             ... on level 4 of the Dungeon.
             The game lasted 00:04:17 (745 turns).

4thArraOfDagon the Ducker (Bultungin Monk)           Turns: 745, Time: 00:04:17

Health: -3/22      AC:  5    Str: 14    XL:     1   Next: 60%
Magic:  1/1        EV: 15    Int: 14    God:    Cheibriados [**....]
Gold:   29         SH:  0    Dex: 20    Spells: 0/0 levels left

rFire    . . .     SeeInvis +   (no weapon)
rCold    . . .     Gourm    .   (no shield)
rNeg     . . .     Faith    .   d - +0 ring mail
rPois    .         Spirit   .   (no helmet)
rElec    .         Reflect  .   (no cloak)
rCorr    .         Harm     .   (no gloves)
MR       .....                  (no boots)
Stlth    +++.......             (no amulet)
Regen    0.1/turn               (no ring)
MPRegen  0.1/turn               (no ring)

@: very slow
A: short attention span, fangs 1, see invisible, strong nose
a: Bend Time, Renounce Religion


You were on level 4 of the Dungeon.
You worshipped Cheibriados.
Cheibriados was pleased with you.
You were not hungry.

You visited 2 branches of the dungeon, and saw 6 of its levels.

You collected 29 gold pieces.

Inventory:

Missiles
 c - 2 tomahawks (quivered)
Armour
 a - a +0 robe
 d - a +0 ring mail (worn)
Scrolls
 f - 2 scrolls of remove curse
Comestibles
 b - 2 bread rations


   Skills:
 + Level 5.9 Fighting
 + Level 6.0 Dodging
 - Level 5.3 Stealth
 * Level 0.8 Unarmed Combat
 * Level 0.0 Invocations


You couldn't memorise any spells.
You didn't know any spells.

Dungeon Overview and Level Annotations

Branches:
Dungeon (5/15)             Temple (1/1) D:5

Altars:
Ashenzari
Cheibriados
Dithmenos
Elyvilon
Hepliaklqana
Makhleb
Okawaru
Qazlal
Sif Muna
Uskayaw
Vehumet
Xom
Yredelemnul
Zin
The Shining One

Annotations:
D:3 Grinder; Shenda's ghost, amateur BuGl
D:4 Sigmund
D:5 Prince Ribbit


Innate Abilities, Weirdness & Mutations

You have a short attention span.
You have very sharp teeth.
You have supernaturally acute eyesight. (SInv)
Your uncanny sense of smell can sniff out nearby items.


Message History

The scorpion stings you.
* * * LOW HITPOINT WARNING * * *
Unknown command.
Unknown command.
You hit the scorpion.
The scorpion is almost dead.
The scorpion barely misses you.
You hit the scorpion but do no damage.
The scorpion is almost dead.
The scorpion stings you but does no damage.
Unknown command.
Unknown command.
Unknown command.
Unknown command.
Unknown command.
You hit the scorpion.
You bite the scorpion, but do no damage.
The scorpion is almost dead.
The scorpion stings you.
You die...

....# #....####.#
..#.###...........((
∆
.>.............#..(#
###.##.........# ..#
#.##.........# .(#
#.##.........# ..
#.##.#.......# Z#
#.##.#.......##s#
#.##[#<.......@.#
#.##.........####
########.## #.# #.#
#.# #.# #.#
#############.#


You could see a scorpion and a bullfrog skeleton.

Vanquished Creatures
  A goblin (D:2)
  A jackal (D:3)
  A jackal skeleton (D:5)
  A kobold (D:3)
4 creatures vanquished.

Notes
Turn   | Place    | Note
-------+----------+-------------------------------------------
     0 | D:1      | 4thArraOfDagon the Bultungin Monk began the quest for the Orb.
     0 | D:1      | Reached XP level 1. HP: 22/22 MP: 1/1
   214 | D:3      | Noticed Shenda's ghost (amateur BuGl)
   316 | D:4      | Noticed an iguana
   319 | D:4      | Noticed an iguana
   320 | D:4      | Noticed an orc wizard
   320 | D:4      | Noticed an orc wizard
   353 | D:5      | Entered Level 5 of the Dungeon
   380 | D:5      | Reached skill level 6 in Dodging
   467 | D:5      | Noticed a centaur
   482 | D:5      | Noticed a gnoll shaman
   501 | D:5      | Noticed an orc wizard
   527 | D:5      | Noticed Prince Ribbit
   574 | D:5      | Found a staircase to the Ecumenical Temple.
   574 | D:5      | Noticed a hungry ghost
   583 | Temple   | Entered the Ecumenical Temple
   590 | Temple   | Became a worshipper of Cheibriados the Contemplative
   590 | Temple   | Reached * piety under Cheibriados
   590 | Temple   | Reached ** piety under Cheibriados
   646 | D:4      | Noticed Sigmund
   663 | D:3      | Noticed Grinder
   719 | D:4      | Noticed a scorpion
   742 | D:4      | HP: 1/22 [scorpion (2)]
   745 | D:4      | Slain by a scorpion

Vault maps used:
D:1:      lemuel_arrival_room, serial_forest, infiniplex_forest_zigzag_1,
          infiniplex_forest_fountain, infiniplex_forest_clump_long,
          infiniplex_forest_lined_room_, infiniplex_forest_zigzag_2,
          infiniplex_forest_lined_2, infiniplex_forest_lined_3_way
D:2:      minmay_wonky_spiral, minmay_rat_hole, uniq_crazy_yiuf_cottage,
          uniq_natasha
D:3:      minmay_misc_feat_plants, minmay_misc_feat_tiny, uniq_grinder
D:4:      serial_shops, nicolae_shop_behind_doors, first_bread,
          nicolae_qazlal_style_of_elements, uniq_duvessa, uniq_sigmund
D:5:      minmay_temple_entry_trees, uniq_prince_ribbit1
Temple:   nicolae_temple_no_exploring_needed

Skill      XL: |  1 |
---------------+----+-----
Dodging        | 6 |  6.0
Fighting       | |  5.9
Stealth        | |  5.3
Unarmed Combat | |  0.8

Action                   || total
-------------------------++-------
Melee: Unarmed           ||    54
       Bite              ||     8
Throw: Tomahawk          ||     5
  Use: Scroll            ||     4
       Potion            ||     3
 Stab: Sleeping          ||     2
Armor: Ring mail         ||    15
Dodge: Dodged            ||    57
